 Dungeon Crawl Stone Soup version 0.28-a0-845-gfc338a8e3c (webtiles) character file.

Game seed: 9421388685446544348

47042 Strat the Impaler (level 14, -15/120 HPs)
             Began as a Merfolk Cinder Acolyte on Nov 12, 2021.
             Was a Priest of Ignis.
             Demolished by a komodo dragon (19 damage)
             ... summoned by a boggart
             ... on level 6 of the Lair of Beasts.
             The game lasted 00:55:26 (28105 turns).

Strat the Impaler (Merfolk Cinder Acolyte)         Turns: 28105, Time: 00:55:27

Health: -15/120    AC: 13    Str: 16    XL:     14   Next: 40%
Magic:  15/15      EV: 15    Int: 14    God:    Ignis [***...]
Gold:   2272       SH:  0    Dex: 12    Spells: 6/15 levels left

rFire   + . .      SeeInvis .   a - +2 glaive (venom)
rCold   . . .      Faith    .   (shield currently unavailable)
rNeg    + + .      Spirit   .   R - +0 swamp dragon scales
rPois   +          Reflect  .   (no helmet)
rElec   .          Harm     .   A - +1 cloak {rPois}
rCorr   .          Rampage  .   v - +0 pair of gloves
Will    +....                   E - +0 pair of boots
Stlth   +.........              (no amulet)
HPRegen 0.30/turn               j - ring of positive energy
MPRegen 0.14/turn               w - ring of positive energy

@: about to teleport
A: (nimble swimmer 2), mertail
a: Renounce Religion, Sea of Fire, Foxfire Swarm, Rising Flame


You were on level 6 of the Lair of Beasts.
You worshipped Ignis.
Ignis was most pleased with you.
You visited 2 branches of the dungeon, and saw 18 of its levels.

You collected 2447 gold pieces.
You spent 175 gold pieces at shops.

Inventory:

Hand Weapons
 a - a +2 glaive of venom (weapon)
 b - a +2 hunting sling of flaming
 g - a +0 trident of chaos
 F - the +10 lance "Wyrmbane" {slay drac, rPois rF+ rC+ AC+3}
   (You found it on level 9 of the Dungeon)

   It inflicts extra damage against dragons and draconians.
   AC:        It affects your AC (+3).
   rF:        It protects you from fire.
   rC:        It protects you from cold.
   rPois:     It protects you from poison.
Missiles
 h - 626 stones
 l - 63 poisoned darts
 p - 5 javelins (quivered)
 t - 97 sling bullets
 y - 2 curare-tipped darts
Armour
 f - +0 ice dragon scales
 k - a +2 kite shield of protection
 m - a +0 troll leather armour
 v - a +0 pair of gloves (worn)
 A - a +1 cloak of poison resistance (worn)
 B - +0 steam dragon scales
 E - a +0 pair of boots (worn)
 R - +0 swamp dragon scales (worn)
Jewellery
 j - a ring of positive energy (left hand)
 w - a ring of positive energy (right hand)
 N - a ring of fire
 T - a ring of ice
Wands
 C - a wand of flame (24)
 H - a wand of polymorph (19)
 L - a wand of iceblast (26)
 Q - a wand of digging (8)
 U - a wand of paralysis (4)
Scrolls
 c - 5 scrolls of magic mapping
 r - a scroll of teleportation
 u - 5 scrolls of identify
 D - a scroll of fog
 I - a scroll of brand weapon
 J - 2 scrolls of amnesia
 M - a scroll of holy word
 O - 2 scrolls of summoning
 P - a scroll of enchant weapon
 S - a scroll of fear
Potions
 d - 2 potions of flight
 e - 4 potions of lignification
 i - 12 potions of ambrosia
 n - 2 potions of mutation
 o - 3 potions of attraction
 q - 2 potions of might
 s - 7 potions of heal wounds
 x - a potion of brilliance
 z - 2 potions of cancellation
 G - 2 potions of magic
 K - 3 potions of curing


   Skills:
 - Level 14.0 Fighting
 - Level 20.0 Polearms
 - Level 10.0 Throwing
 + Level 5.5 Armour
 - Level 12.1 Dodging
 - Level 1.0 Spellcasting
 - Level 2.1 Fire Magic
 - Level 5.0 Evocations


You had 6 spell levels left.
You knew the following spells:

 Your Spells              Type           Power      Damage    Failure   Level
a - Apportation           Tloc           0%         N/A       43%         1
b - Scorch                Fire           12%        2d5       28%         2
c - Blink                 Tloc           0%         N/A       56%         2
d - Confusing Touch       Hex            0%         N/A       80%         3
e - Slow                  Hex            0%         N/A       43%         1

Your spell library contained the following spells:

 Spells                   Type           Power      Damage    Failure   Level
 Animate Skeleton         Necr           0%         N/A       43%         1
 Pain                     Necr           0%         1d4       43%         1
 Shock                    Conj/Air       0%         1d3       43%         1
 Sublimation of Blood     Necr           0%         N/A       56%         2
 Swiftness                Air            0%         N/A       80%         3
 Vampiric Draining        Necr           0%         2d6       80%         3
 Airstrike                Air            0%         N/A       99%         4
 Petrify                  Tmut/Erth      0%         N/A       99%         4
 Agony                    Necr           0%         N/A       100%        5
 Alistair's Intoxication  Tmut/Pois      0%         N/A       100%        5
 Excruciating Wounds      Necr           0%         N/A       100%        5
 Irradiate                Conj/Tmut      0%         3d13      100%        5
 Manifold Assault         Tloc           0%         N/A       100%        5
 Conjure Ball Lightning   Conj/Air       0%         3x3d6     100%        6
 Storm Form               Tmut/Air       0%         N/A       100%        7
 Discord                  Hex            0%         N/A       100%        8
 Disjunction              Tloc           0%         N/A       100%        8


Dungeon Overview and Level Annotations

Branches:
Dungeon (12/15)            Temple (0/1) D:7            Lair (6/6) D:9
 Shoals (0/4) Lair:2       Spider (0/4) Lair:3          Orc (0/2) D:12
  Slime: Lair:5-6

Altars:
Trog
Wu Jian

Shops:
D:3 [   D:6 [*=[*

Annotations:
D:2 1 runed translucent door, Crazy Yiuf
D:11 3 runed translucent doors, SirDiesAlot's ghost, journeyman MiDe
D:12 exclusion: ice statue, ASSMAN's ghost, adept MfIE
Lair:5 exclusion: 4 oklob plants


Innate Abilities, Weirdness & Mutations

((You are quick and stealthy near water. (Stealth+, EV+, Speed+++)))
Your lower body shifts to a powerful aquatic tail in water.


Message History

The spriggan rider hits you but does no damage.
You miss the spriggan rider.
The spriggan rider is moderately wounded.
You feel sick.
You closely miss the spriggan rider.
The spriggan rider is moderately wounded.
You feel sick.
The spriggan rider hits you with a +0 spear!
* * * LOW HITPOINT WARNING * * *
You slash the spriggan rider!
The spriggan rider looks as sick as possible!
The spriggan rider is heavily wounded.
The spriggan rider barely misses you.
You slice the spriggan rider!!
You kill the hornet!
The spriggan falls from its now dead mount.
The spriggan looks as sick as possible!
The spriggan is almost dead.
You feel sick.
You are no longer poisoned.
You kill the spriggan!
You hear some strange, mumbled words.
You barely miss the komodo dragon. The komodo dragon bites you!!
* * * LOW HITPOINT WARNING * * *
The black mamba bites you!
* * * LOW HITPOINT WARNING * * *
The black mamba bites you.
* * * LOW HITPOINT WARNING * * *
The black mamba bites you but does no damage.
As you read the scroll of fear, it crumbles to dust.
You assume a fearsome visage.
The komodo dragon resists with some effort.
The black mamba resists with some effort.
The black mamba bites you but does no damage.
The komodo dragon bites you but does no damage.
As you read the scroll of teleportation, it crumbles to dust.
You feel strangely unstable.
The black mamba bites you but does no damage.
The black mamba closely misses you. The komodo dragon bites you!!
You die...

♣♣. ♣♣.........÷....#
..♣ ♣..............# gi
♣♣.. ♣.........÷...##
i. .♣...♣
♣.............P# ..
..♣.. ♣♣............##
.. ♣...♣♣
♣♣♣§............. ♣.
♣...♣♣♣..††............
..♣♣
♣..♣......###P#....P..
♣..♣ ♣..S@.♣.##
######P#.. ♣..♣♣♣♣
♣♣..l.♣♣♣# #####
♣♣♣...♣♣♣♣♣♣..♣♣♣♣
♣♣....♣♣....♣
♣♣...))..♣♣♣ ♣♣♣♣♣♣♣♣♣


You could see a komodo dragon (summoned) and a black mamba (summoned).

Vanquished Creatures
  A boulder beetle (Lair:4)
  3 hydras
  An ice dragon (Lair:4)
  Erica (D:9)
  3 death yaks
  2 two-headed ogres (D:9)
  Urug (D:10)
  4 skeletal warriors
  A wizard (D:11)
  A swamp dragon (Lair:4)
  3 ugly things
  A will-o-the-wisp (Lair:4)
  17 elephants
  A merfolk siren (Lair:2)
  Joseph (D:8)
  17 cane toads
  2 gargoyles
  2 black mambas
  5 rime drakes
  4 komodo dragons
  2 freezing wraiths (Lair:4)
  An entropy weaver simulacrum (Lair:4)
  3 polar bears (Lair:4)
  A queen bee (Lair:3)
  2 trolls (D:10)
  2 hornets
  Prince Ribbit (D:9)
  A dream sheep (Lair:6)
  8 blink frogs (Lair:2)
  4 spriggans (Lair:6)
  4 wyverns
  2 wraiths
  13 yaks
  A steam dragon (D:7)
  4 basilisks
  Edmund (D:5)
  7 vampire mosquitoes
  3 acid dragons
  17 water moccasins
  7 black bears
  4 orc warriors
  2 sky beasts
  2 boggarts (Lair:6)
  2 ice beasts
  4 ogres
  A necrophage (D:7)
  28 wolves
  A tengu (D:9)
  A centaur (D:8)
  2 phantoms
  2 kobold brigands
  2 wyvern zombies
  12 bullfrogs
  3 gnoll sergeants
  4 scorpions
  A wyvern skeleton (D:7)
  39 killer bees
  A wight (D:7)
  3 electric eels (Lair:4)
  4 howler monkeys
  A bullfrog zombie (D:7)
  A crimson imp (D:11)
  4 centaur zombies
  4 hounds
  2 jellies
  4 centaur skeletons
  A gnoll shaman (D:4)
  6 orc priests
  Jessica (D:2)
  3 iguanas
  5 orc wizards
  Natasha (thrice) (D:2)
  A troll simulacrum (Lair:4)
  A polar bear simulacrum (Lair:4)
  A wolf simulacrum (Lair:4)
  A hound skeleton (D:5)
  2 howler monkey zombies
  17 gnolls
  6 adders
  A shadow imp (D:7)
  2 white imps (Lair:4)
  2 ufetubi
  2 adder skeletons (D:4)
  4 dart slugs
  34 orcs
  4 bats
  5 endoplasms
  5 giant cockroaches
  3 hobgoblins
  4 jackals (D:1)
  7 ball pythons
  2 frilled lizards (D:1)
  2 goblins
  14 kobolds
  3 rats
431 creatures vanquished.

Vanquished Creatures (others)
  A bush (Lair:5)
  37 foxfires
  109 fungi
  113 plants
260 creatures vanquished.

Grand Total: 691 creatures vanquished

Notes
Turn   | Place    | Note
-------+----------+-------------------------------------------
     0 | D:1      | Strat the Merfolk Cinder Acolyte began the quest for the
                  | Orb.
     0 | D:1      | Reached XP level 1. HP: 18/18 MP: 2/2
   195 | D:1      | Reached skill level 5 in Polearms
   219 | D:1      | Reached XP level 2. HP: 13/24 MP: 3/3
   942 | D:1      | Reached skill level 6 in Polearms
   942 | D:1      | Reached XP level 3. HP: 23/29 MP: 4/4
  1009 | D:2      | Learned a level 1 spell: Apportation
  1012 | D:2      | Learned a level 2 spell: Scorch
  1054 | D:2      | Noticed Natasha
  1081 | D:2      | Found a runed translucent door.
  1082 | D:2      | Noticed Crazy Yiuf
  1102 | D:2      | Killed Natasha
  1103 | D:2      | Reached skill level 7 in Polearms
  1103 | D:2      | Reached XP level 4. HP: 28/35 MP: 5/5
  1141 | D:2      | Noticed Natasha
  1160 | D:2      | Killed Natasha
  1211 | D:2      | Noticed Jessica
  1226 | D:2      | Killed Jessica
  1227 | D:2      | Reached skill level 8 in Polearms
  1227 | D:2      | Reached XP level 5. HP: 41/41 MP: 6/6
  1280 | D:2      | Noticed Natasha
  1290 | D:2      | Killed Natasha
  1291 | D:2      | Reached skill level 1 in Dodging
  1913 | D:3      | Reached XP level 6. HP: 14/48 MP: 7/7
  2065 | D:3      | Found Ranygef's Antique Armour Shop.
  2601 | D:4      | Identified a scroll of acquirement
  2601 | D:4      | Acquired 525 gold pieces
  2663 | D:4      | Reached skill level 5 in Fighting
  2663 | D:4      | Reached skill level 5 in Dodging
  2663 | D:4      | Reached XP level 7. HP: 34/56 MP: 8/8
  2791 | D:4      | Reached skill level 9 in Polearms
  3210 | D:5      | Entered Level 5 of the Dungeon
  3353 | D:5      | Reached skill level 10 in Polearms
  3472 | D:5      | Noticed Edmund
  3516 | D:5      | Reached XP level 8. HP: 62/62 MP: 9/9
  3535 | D:5      | Reached skill level 11 in Polearms
  3609 | D:5      | Killed Edmund
  3780 | D:5      | Reached skill level 12 in Polearms
  4260 | D:5      | Reached skill level 13 in Polearms
  4463 | D:6      | Found Suohi's Jewellery Shop.
  4463 | D:6      | Found Reumaw's Assorted Antiques.
  4495 | D:6      | Reached skill level 14 in Polearms
  4516 | D:6      | Found Iddehiep's Antique Armour Boutique.
  4579 | D:6      | Reached XP level 9. HP: 58/68 MP: 10/10
  4788 | D:6      | Found Keskuc's Assorted Antiques.
  5207 | D:6      | Found Hueni's Armour Boutique.
  5210 | D:6      | Bought a +1 cloak of poison resistance for 175 gold pieces
  5978 | D:7      | Found a staircase to the Ecumenical Temple.
  6392 | D:8      | Reached XP level 10. HP: 79/80 MP: 11/11
  6725 | D:8      | Noticed Joseph
  6850 | D:8      | Noticed a purple ugly thing
  6858 | D:8      | Killed a purple ugly thing
  6859 | D:8      | Reached skill level 10 in Dodging
  7209 | D:9      | Reached skill level 1 in Throwing
  7244 | D:9      | Reached skill level 1 in Armour
  7502 | D:9      | Noticed a two-headed ogre
  7589 | D:8      | Killed Joseph
  7923 | D:9      | Noticed a two-headed ogre
  7971 | D:8      | HP: 3/84 [killer bee (3)]
  8614 | D:9      | Noticed Prince Ribbit
  8669 | D:9      | Killed Prince Ribbit
  8939 | D:9      | Reached skill level 10 in Fighting
  9237 | D:9      | Noticed a skeletal warrior
  9237 | D:9      | Noticed a skeletal warrior
  9237 | D:9      | Noticed a skeletal warrior
  9237 | D:9      | Noticed a skeletal warrior
  9237 | D:9      | Noticed a skeletal warrior
  9513 | D:9      | Noticed Erica
  9538 | D:9      | Killed Erica
  9539 | D:9      | Reached skill level 15 in Polearms
  9539 | D:9      | Reached XP level 11. HP: 47/90 MP: 12/12
  9873 | D:9      | Killed a two-headed ogre
  9910 | D:10     | Entered Level 10 of the Dungeon
 10401 | D:10     | Noticed Urug
 10421 | D:10     | Killed Urug
 10422 | D:10     | Reached skill level 16 in Polearms
 11051 | D:10     | Identified the +0 leather armour "Xehoupu" {*Corrode rN+++
                  | Will- Int+8}
 11622 | D:11     | Noticed a manticore
 11625 | D:11     | Noticed a two-headed ogre
 11629 | D:11     | Found a runed translucent gate.
 11629 | D:11     | Found a runed translucent gate.
 11629 | D:11     | Noticed SirDiesAlot's ghost (journeyman MiDe)
 11629 | D:11     | a two-headed ogre changed into a torpor snail
 11860 | D:11     | Found a runed translucent gate.
 11861 | D:11     | Noticed a moth of wrath
 11861 | D:11     | Noticed a boulder beetle
 11862 | D:11     | a moth of wrath changed into a komodo dragon
 11862 | D:11     | Noticed a rakshasa
 11881 | D:11     | Reached skill level 17 in Polearms
 11888 | D:11     | Noticed a deep troll
 11888 | D:11     | a deep troll changed into a swamp worm
 11892 | D:11     | Noticed a glowing shapeshifter
 11892 | D:11     | a swamp worm changed into a glowing shapeshifter
 11893 | D:11     | a glowing shapeshifter changed into a swamp worm
 12005 | D:11     | Noticed a white ugly thing
 12254 | D:11     | Noticed a red ugly thing
 12270 | D:11     | Killed a red ugly thing
 12372 | D:11     | Noticed a wizard
 12380 | D:11     | Killed a wizard
 12601 | D:11     | Acquired 825 gold pieces
 12768 | D:11     | Noticed a salamander
 12774 | D:11     | Noticed a mana viper
 12774 | D:11     | a salamander changed into a mana viper
 12776 | D:11     | a mana viper changed into a torpor snail
 12784 | D:11     | Reached skill level 18 in Polearms
 12786 | D:11     | Noticed a two-headed ogre
 12786 | D:11     | a torpor snail changed into a two-headed ogre
 12788 | D:11     | Noticed a shining eye
 12788 | D:11     | a two-headed ogre changed into a shining eye
 12790 | D:11     | a shining eye changed into a torpor snail
 12809 | D:11     | Noticed a faun
 12810 | D:11     | a faun changed into a floating eye
 12829 | D:11     | Noticed a fire crab
 12829 | D:11     | a fire crab changed into a jumping spider
 12831 | D:11     | Noticed a fire crab
 12831 | D:11     | a jumping spider changed into a fire crab
 12853 | D:11     | Killed a white ugly thing
 13096 | D:11     | Noticed a death yak
 13097 | D:11     | Noticed a minotaur
 13097 | D:11     | a death yak changed into a minotaur
 13102 | D:11     | Noticed a five-headed hydra
 13102 | D:11     | a minotaur changed into a five-headed hydra
 13103 | D:11     | Noticed a fire dragon
 13103 | D:11     | a five-headed hydra changed into a fire dragon
 13123 | D:11     | Noticed a great orb of eyes
 13123 | D:11     | Noticed a fire dragon
 13123 | D:11     | a great orb of eyes changed into a fire dragon
 13133 | D:11     | Noticed a glowing orange brain
 13133 | D:11     | a slime creature changed into a glowing orange brain
 13134 | D:11     | Noticed a deep troll
 13134 | D:11     | a glowing orange brain changed into a deep troll
 13401 | D:9      | Found a staircase to the Lair.
 13455 | D:9      | Noticed Maggie
 13463 | D:9      | Noticed Maggie
 13463 | D:9      | Maggie changed into Maggie the tengu
 13467 | D:9      | Killed Maggie the tengu
 13910 | D:9      | Found a bloodstained altar of Trog.
 13913 | D:9      | Found an ornate altar of the Wu Jian Council.
 14053 | D:8      | Killed a skeletal warrior
 14054 | D:8      | Reached skill level 19 in Polearms
 14341 | D:9      | Killed a two-headed ogre
 14342 | D:9      | Reached XP level 12. HP: 61/97 MP: 13/13
 14422 | D:9      | HP: 1/97 [skeletal warrior[a skeletal warrior] (17)]
 15056 | D:9      | Reached skill level 20 in Polearms
 16070 | D:12     | Found a staircase to the Orcish Mines.
 16078 | D:12     | Noticed ASSMAN's ghost (adept MfIE)
 16083 | D:12     | Noticed a centaur warrior
 16084 | D:12     | Noticed a six-headed hydra
 16426 | Lair:1   | Entered Level 1 of the Lair of Beasts
 17350 | Lair:1   | Identified the +0 pair of gloves of Restlessness {-Tele rF+
                  | Will+ Dex+3}
 17620 | Lair:1   | Reached skill level 5 in Throwing
 18339 | Lair:2   | Noticed an eight-headed hydra
 18348 | Lair:2   | Killed an eight-headed hydra
 18668 | Lair:2   | Found a staircase to the Shoals.
 20007 | Lair:3   | Found a hole to the Spider Nest.
 20078 | Lair:3   | Reached XP level 13. HP: 50/108 MP: 14/14
 22345 | Lair:4   | Noticed an ice dragon
 23571 | Lair:4   | Killed an ice dragon
 25102 | Lair:5   | Identified the +6 spear "Worm's Wrath" {freeze, Will++
                  | Int-4 Stlth+}
 25817 | Lair:5   | Reached skill level 10 in Throwing
 26053 | Lair:5   | Reached skill level 1 in Evocations
 26062 | Lair:5   | Reached XP level 14. HP: 75/120 MP: 15/15
 26692 | Lair:5   | Learned a level 2 spell: Blink
 26696 | Lair:5   | Learned a level 3 spell: Confusing Touch
 26698 | Lair:5   | Learned a level 1 spell: Slow
 26731 | Lair:6   | Entered Level 6 of the Lair of Beasts
 27478 | Lair:6   | Reached skill level 5 in Armour
 27986 | Lair:6   | Reached skill level 5 in Evocations
 28102 | Lair:6   | HP: 6/120 [black mamba[a boggart] (12)]
 28105 | Lair:6   | Demolished by a komodo dragon

Illustrated notes

Levels and vault maps discovered:
D:1:      roderic_crop_circles_arrival_small, layout_rooms, minivault_25
D:2:      layout_rooms, chequers_serial_rivers_micro_e, uniq_natasha,
          uniq_crazy_yiuf_cottage, uniq_jessica
D:3:      layout_loops_ring, serial_shops, nicolae_diamond_shop
D:4:      layout_gridville, kennysheep_path_1, st_stairs_6
D:5:      layout_cave_pods, uniq_edmund
D:6:      layout_cave_pools, serial_shops, nicolae_shop_overgrown_old_shop,
          shop_fountains, nicolae_shop_waterfront, kennysheep_mini, shop,
          kennysheep_diamond
D:7:      layout_basic, minmay_temple_entry_statues_fountains,
          serial_bayou_pond_b, nrook_loot_triangle, grunt_ministairs_6,
          minmay_door_square, corexii_item_surrounded_by_moat
D:8:      layout_rooms, hangedman_abyss_or_decor_jellyfish_corner,
          grunt_decor_fettered, uniq_joseph
D:9:      layout_basic, mainiacjoe_overflow_big_doors,
          due_lair_maze_entry_diamond, uniq_erica, uniq_prince_ribbit1,
          uniq_maggie
D:10:     layout_cave_pools, uniq_urug
D:11:     layout_basic, gammafunk_ghost_split, lightli_wizard_tower
D:12:     layout_cave_pools, orc_0_dummy, nzn_ghost_randoct, led_xom_imps
Lair:1:   layout_regular_city, st_stairs_6
Lair:2:   layout_regular_city, minmay_shoals_entry_lonely_mermaid
Lair:3:   layout_long_grid, dummy_spider_entry, special_room [special_room_bee],
          nicolae_quartered_pool_super, grunt_megastairs_2
Lair:4:   dreamdust_isle_of_ice, layout_loops_ring, serial_bayou_ford_a, pond,
          grunt_megastairs_1, infiniplex_staircase_pool
Lair:5:   layout_cave_pods, minmay_slime_entry_oklob_enclosed,
          chequers_serial_rivers_small_b, minmay_lair_oklob_bushes,
          chequers_serial_rivers_room_b, lemuel_fruit_tree
Lair:6:   minmay_lair_end_enchanted_forest, layout_regular_city, st_stairs_13

Skill      XL: |  1  2  3  4  5  6  7  8  9 10 11 12 13 14 |
---------------+-------------------------------------------+-----
Polearms       | 5 6 7 8 10 14 15 19 20 | 20.0
Dodging        | 2 5 9 10 11 12 | 12.1
Fighting       | 4 5 8 10 12 14 | 14.0
Throwing       | 2 7 10 | 10.0
Armour         | 3 4 5 |  5.5
Evocations     | 1 5 |  5.0
Spellcasting   | |  1.0
Fire Magic     | |  2.1

Action                   |  1- 3 |  4- 6 |  7- 9 | 10-12 | 13-15 || total
-------------------------+-------+-------+-------+-------+-------++-------
Melee: Spear             |   112 |    53 |       |       |       ||   165
       Trident           |       |    69 |   178 |       |       ||   247
       Halberd           |       |       |   152 |       |       ||   152
       Glaive            |       |       |    44 |   703 |   515 ||  1262
       Tailslap          |       |       |     2 |     3 |     7 ||    12
       Lance             |       |       |       |    14 |   102 ||   116
 Fire: Hunting sling     |       |    13 |    76 |     2 |       ||    91
Throw: Javelin           |       |       |       |     6 |       ||     6
 Cast: Scorch            |       |     4 |       |     1 |       ||     5
Invok: Foxfire Swarm     |       |       |       |     2 |     1 ||     3
       Sea of Fire       |       |       |       |     1 |     1 ||     2
Evoke: Wand              |       |     1 |     4 |    14 |     9 ||    28
  Use: Scroll            |       |     5 |    10 |    26 |     4 ||    45
       Potion            |       |       |       |     7 |     1 ||     8
 Stab: Sleeping          |       |       |     1 |     1 |       ||     2
       Distracted        |       |       |       |       |     1 ||     1
Armor: Ring mail         |    23 |       |       |       |       ||    23
       Troll leather arm |    19 |    15 |    80 |       |       ||   114
       Steam dragon scal |       |       |    13 |   160 |    74 ||   247
       Swamp dragon scal |       |       |       |       |   100 ||   100
Dodge: Dodged            |    79 |    45 |   207 |   516 |   397 ||  1244

Table legend: (Time is in decaauts)
 A = Elapsed time spent in this place.
 B = Non-inter-level travel time spent in this place.
 C = Inter-level travel time spent in this place.
 D = Time resting spent in this place.
 E = Time spent auto-exploring this place.
 F = Levels seen in this place.
 G = Mean time per level.
                   A        B        C        D        E       F      G
               +--------+--------+--------+--------+--------+-----+--------+
         Total |  27594 |  26005 |   1589 |   9724 |  11246 |  18 | 1533.0 |
       Dungeon |  16264 |  15054 |   1210 |   4943 |   6689 |  12 | 1355.3 |
          Lair |  11330 |  10951 |    379 |   4781 |   4557 |   6 | 1888.3 |
               +--------+--------+--------+--------+--------+-----+--------+

Top non-repeatable levels by time:
  Lair:4: 3144 daAuts
     D:9: 3136 daAuts
     D:8: 2816 daAuts
  Lair:3: 2608 daAuts
    D:11: 2272 daAuts
  Lair:5: 1649 daAuts
  Lair:2: 1551 daAuts
    D:10: 1510 daAuts
  Lair:1: 1427 daAuts
     D:7: 1238 daAuts
     D:5: 1178 daAuts
  Lair:6: 948 daAuts
     D:1: 910 daAuts
     D:3: 869 daAuts
     D:4: 818 daAuts
